 Dungeon Crawl Stone Soup version 0.28.0 (webtiles) character file.

Game seed: 13708349459882799870

7 RighteousDevil the Slasher (level 2, -1/29 HPs)
             Began as a Gnoll Cinder Acolyte on Feb 18, 2022.
             Was a High Priest of Ignis.
             Succumbed to a kobold's poison
             ... on level 1 of the Dungeon.
             The game lasted 00:00:22 (202 turns).

RighteousDevil the Slasher (Gnoll Cinder Acolyte)    Turns: 202, Time: 00:00:23

Health: -1/29      AC:  2    Str: 13    XL:     2   Next: 0%
Magic:  5/5        EV: 11    Int: 13    God:    Ignis [*****.]
Gold:   8          SH:  0    Dex:  7    Spells: 6/6 levels left

rFire   + . .      SeeInvis .   a - -1 falchion (flame)
rCold   . . .      Faith    .   (no shield)
rNeg    . . .      Spirit   .   b - +0 robe
rPois   .          Reflect  .   (no helmet)
rElec   .          Harm     .   (no cloak)
rCorr   .          Rampage  .   (no gloves)
Will    .....                   (no boots)
Stlth   +.........              (no amulet)
HPRegen 0.09/turn               (no ring)
MPRegen 0.09/turn               (no ring)

@: lethally poisoned (-1 -> -18), flying
A: fangs 1, strong nose, distributed training
a: Renounce Religion, Fiery Armour, Foxfire Swarm, Rising Flame


You were on level 1 of the Dungeon.
You worshipped Ignis.
Ignis was extremely pleased with you.
You visited 1 branch of the dungeon, and saw 1 of its levels.

You collected 8 gold pieces.

Inventory:

Hand Weapons
 a - a -1 falchion of flaming (weapon)
Armour
 b - a +0 robe (worn)
Potions
 c - a potion of flight


   Skills:
 + Level 6.4 Fighting
 + Level 0.2 Short Blades
 + Level 6.4 Long Blades
 + Level 0.2 Axes
 + Level 0.2 Maces & Flails
 + Level 0.2 Polearms
 + Level 0.2 Staves
 + Level 0.2 Slings
 + Level 0.2 Bows
 + Level 0.2 Crossbows
 + Level 0.2 Throwing
 + Level 0.2 Armour
 + Level 0.2 Dodging
 + Level 0.2 Stealth
 + Level 0.2 Shields
 + Level 0.2 Unarmed Combat
 + Level 2.6 Spellcasting
 + Level 0.1 Conjurations
 + Level 0.1 Hexes
 + Level 0.1 Summonings
 + Level 0.1 Necromancy
 + Level 0.1 Translocations
 + Level 0.1 Transmutations
 + Level 5.3 Fire Magic
 + Level 0.1 Ice Magic
 + Level 0.1 Air Magic
 + Level 0.1 Earth Magic
 + Level 0.1 Poison Magic
 + Level 0.3 Invocations
 + Level 0.2 Evocations


You had 6 spell levels left.
You didn't know any spells.
Your spell library contained the following spells:

 Spells                   Type           Power      Damage    Failure   Level
 Scorch                   Fire           30%        2d6       4%          2


Dungeon Overview and Level Annotations

Branches:
Dungeon (1/15)

Altars:


Innate Abilities, Weirdness & Mutations

You have very sharp teeth.
Your uncanny sense of smell can sniff out nearby items.
Your experience applies equally to all skills.


Message History

You barely miss the endoplasm.
You bite the endoplasm, but do no damage.
The endoplasm misses you.
You hit the endoplasm but do no damage. The endoplasm misses you.
You slash the endoplasm! You burn the endoplasm.
You kill the endoplasm!
You have reached level 2!
A kobold comes into view.
It is wielding a +1 short sword of venom.
You barely miss the kobold. You bite the kobold, but do no damage.
The kobold hits you with a +1 short sword of venom.
You are poisoned.
You closely miss the kobold.
You feel very sick.
The kobold hits you with a +1 short sword of venom.
You are more poisoned.
You hit the kobold but do no damage.
You feel very sick.
The kobold hits you with a +1 short sword of venom.
You closely miss the kobold. You bite the kobold.
The kobold is moderately wounded.
You feel very sick. The kobold barely misses you.
You are too injured to fight recklessly!
You are too injured to fight recklessly!
You are too injured to fight recklessly!
You closely miss the kobold.
The kobold is moderately wounded.
You feel very sick.
The kobold hits you with a +1 short sword of venom.
* * * LOW HITPOINT WARNING * * *
You are more poisoned.
You barely miss the kobold.
The kobold is moderately wounded.
* * * LOW HITPOINT WARNING * * *
You feel very sick. The kobold closely misses you.
It was a potion of flight.
You feel very buoyant.
You fly up into the air.
You die...

#.##.# #.##.#
#.##.# ∆ #.##.#
.. #.##.#### #.
#.##.#.. #.
#.##.#.#
#.###.##.#K#
#####........@.#
......#...##.###
###†..####.#
##.## #.#
########.†.# #.#
...........# #.#
########...# #.#
##.## #.# #.#


You could see a kobold.

Vanquished Creatures
  An endoplasm (D:1)
  A giant cockroach (D:1)
  A hobgoblin (D:1)
  2 jackals (D:1)
5 creatures vanquished.

Notes
Turn   | Place    | Note
-------+----------+-------------------------------------------
     0 | D:1      | RighteousDevil the Gnoll Cinder Acolyte began the quest for
                  | the Orb.
     0 | D:1      | Reached XP level 1. HP: 23/23 MP: 4/4
   183 | D:1      | Reached XP level 2. HP: 28/29 MP: 5/5
   202 | D:1      | Succumbed to a kobold's poison

Illustrated notes

Levels and vault maps discovered:
D:1:      lemuel_arrival_hallway, layout_loops_ring

Action                   || total
-------------------------++-------
Melee: Falchion          ||    29
       Bite              ||     4
  Use: Potion            ||     1
Armor: Robe              ||     5
Dodge: Dodged            ||    17
